 Dungeon Crawl Stone Soup version 0.30-a0-368-g86fb4627a9 (webtiles) character file.

Game seed: 2095014483971400872

363 oldriver the Magician (level 6, -8/49 HPs)
             Began as a Mummy Necromancer on Nov 19, 2022.
             Mangled by a wight
             ... wielding a +2 battleaxe of freezing
              (15 damage)
             ... on level 5 of the Dungeon.
             The game lasted 00:04:35 (3331 turns).

oldriver the Magician (Mummy Necromancer)           Turns: 3331, Time: 00:04:36

Health: -8/49      AC: 10    Str: 14    XL:     6   Next: 39%
Magic:  15/15      EV: 12    Int: 20    God:
Gold:   190        SH:  0    Dex: 12    Spells: 13/17 levels left

rFire   x . .      SeeInvis .    b - +1 dagger (protect)
rCold   + . .      Faith    +    (no shield)
rNeg    + + +      Spirit   .    a - +0 robe
rPois   ∞          Reflect  .    (no helmet)
rElec   .          Harm     .    e - +0 cloak
rCorr   .          Rampage  .    (no gloves)
Will    .....                    (no boots)
Stlth   ++........               k - amulet of regeneration
HPRegen 1.08/turn                j - +6 ring of intelligence
MPRegen 0.14/turn                (no ring)

@: under a protective aura
A: cold resistance 1, negative energy resistance 3, torment resistance 2, heat
vulnerability 1, in touch with death 1, no potions, faith
a: no special abilities


You were on level 5 of the Dungeon.
You visited 1 branch of the dungeon, and saw 5 of its levels.

You collected 190 gold pieces.

Inventory:

Hand Weapons
 b - a +1 dagger of protection (weapon)
 f - a +1 whip of freezing
Armour
 a - a +0 robe (worn)
 e - a +0 cloak (worn)
Jewellery
 j - a +6 ring of intelligence (left hand)
 k - an amulet of regeneration (around neck)
Wands
 m - a wand of polymorph (13)
Scrolls
 c - a scroll of torment {unknown}
 d - 2 scrolls of fog {unknown}
 g - a scroll of blinking {unknown}
 h - a scroll of vulnerability {unknown}
 i - a scroll of acquirement {unknown}
 l - a scroll of identify {unknown}
 n - a scroll of magic mapping {unknown}


   Skills:
 + Level 4.4 Fighting
 - Level 1.5 Dodging
 - Level 1.5 Stealth
 + Level 6.2 Spellcasting
 - Level 4.0 Necromancy


You had 13 spell levels left.
You knew the following spells:

 Your Spells              Type           Power      Damage    Failure   Level
a - Necrotise             Necr           100%       1d9       1%          1
b - Vampiric Draining     Necr           33%        2d8       6%          3

Your spell library contained the following spells:

 Spells                   Type           Power      Damage    Failure   Level
 Animate Dead             Necr           33%        N/A       21%         4
 Dazzling Flash           Conj/Hex       12%        N/A       30%         3
 Frozen Ramparts          Ice            12%        1d2       30%         3
 Agony                    Necr           33%        N/A       50%         5
 Iskenderun's Mystic Bla  Conj/Tloc      6%         2d4       71%         4
 Summon Ice Beast         Ice/Summ       6%         N/A       71%         4
 Starburst                Conj/Fire      3%         6d3       100%        6
 Ice Form                 Ice/Tmut       Unusable   N/A       N/A         4

Dungeon Overview and Level Annotations

Branches:
Dungeon (5/15)
 Temple: D:4-7

Altars:

Annotations:
D:3 Sigmund


Innate Abilities, Weirdness & Mutations

You are immune to poison.
Your flesh is cold resistant. (rC+)
You are immune to negative energy. (rN+++)
You are immune to unholy pain and torment.
You are vulnerable to heat. (rF-)
You are in touch with the powers of death.
You do not drink.
You have a special connection with the divine. (Faith)


Message History

The wight is severely damaged.
The wight hits you with a +2 battleaxe of freezing!
The wight freezes you.
You barely miss the wight.
The wight is severely damaged.
The wight misses you.
You hit the wight but do no damage.
The wight is severely damaged.
The wight misses you.
You hit the wight but do no damage.
The wight is severely damaged.
The wight hits you with a +2 battleaxe of freezing!
* * * LOW HITPOINT WARNING * * *
The wight freezes you.
* * * LOW HITPOINT WARNING * * *
You closely miss the wight.
The wight is severely damaged.
The wight hits you with a +2 battleaxe of freezing!
* * * LOW HITPOINT WARNING * * *
The wight freezes you.
* * * LOW HITPOINT WARNING * * *
You hit the wight.
The wight is almost destroyed.
The wight barely misses you.
You hit the wight but do no damage.
The wight is almost destroyed.
The wight misses you.
You hit the wight but do no damage.
The wight is almost destroyed.
The wight barely misses you.
You hit the wight but do no damage.
The wight is almost destroyed.
The wight misses you.
You hit the wight.
The wight is almost destroyed.
The wight hits you but does no damage.
You barely miss the wight.
The wight is almost destroyed.
The wight hits you with a +2 battleaxe of freezing!
You die...

.># ...## #..
...# ## ..## ..
#... .#..... ...
+..##.#...#
...###.........
.......z...#.#
#......@.....#
..###....$...#
#........##
##.#.....###..
#..#.........#
...#..<....#....
.## #.......#
... ..........#
..
#..........$...
#


You could see a wight.

Vanquished Creatures
  A black bear (D:4)
  A howler monkey (D:4)
  A jelly (D:4)
  An iguana (D:3)
  3 orc wizards (D:4)
  An adder (D:2)
  A white imp (D:5)
  A worm (D:2)
  2 dart slugs
  16 orcs
  5 ball pythons
  8 bats
  3 endoplasms
  6 goblins
  10 hobgoblins
  5 quokkas
  2 frilled lizards
  3 kobolds
  5 rats (D:1)
75 creatures vanquished.

Vanquished Creatures (collateral kills)
  A dart slug (D:4)
  An orc (D:2)
  A giant cockroach (D:4)
  A goblin (D:1)
4 creatures vanquished.

Grand Total: 79 creatures vanquished

Notes
Turn   | Place    | Note
-------+----------+-------------------------------------------
     0 | D:1      | oldriver the Mummy Necromancer began the quest for the Orb.
     0 | D:1      | Reached XP level 1. HP: 13/13 MP: 4/4
   177 | D:1      | Reached skill level 3 in Spellcasting
   208 | D:1      | Reached skill level 1 in Fighting
   210 | D:1      | Reached XP level 2. HP: 16/21 MP: 1/6
   857 | D:2      | Gained mutation: You are in touch with the powers of death.
                  | [Mummy growth]
   857 | D:2      | Reached XP level 3. HP: 27/27 MP: 6/8
  1236 | D:2      | Reached skill level 4 in Spellcasting
  2015 | D:3      | Learned a level 3 spell: Vampiric Draining
  2107 | D:3      | Reached XP level 4. HP: 34/34 MP: 7/10
  2276 | D:3      | Noticed Sigmund
  2541 | D:4      | Reached XP level 5. HP: 41/41 MP: 8/12
  2659 | D:4      | Reached skill level 5 in Spellcasting
  2944 | D:4      | Reached XP level 6. HP: 48/48 MP: 3/14
  3204 | D:5      | Entered Level 5 of the Dungeon
  3211 | D:4      | Reached skill level 6 in Spellcasting
  3325 | D:5      | HP: 2/49 [wight/+2 battleaxe of freezing (9)]
  3331 | D:5      | Mangled by a wight

Illustrated notes

Levels and vault maps discovered:
D:1:      reono_arrival_mine, layout_rooms, minmay_hexomino_r4
D:2:      layout_basic, minmay_misc_feat_hallway, minivault_11,
          kennysheep_generic_room_16
D:3:      layout_loops_ring, kennysheep_generic_room_4, uniq_ijyb, uniq_sigmund
D:4:      layout_rooms
D:5:      layout_rooms, serial_shops, kennysheep_mini_moat, shop, shop

Skill      XL: |  1  2  3  4  5  6 |
---------------+-------------------+-----
Spellcasting   | 3 4 5 6 |  6.2
Fighting       | 1 2 3 4 |  4.4
Dodging        | |  1.5
Stealth        | |  1.5
Necromancy     | |  4.0

Action                   |  1- 3 |  4- 6 || total
-------------------------+-------+-------++-------
Melee: Unarmed           |     8 |       ||     8
       Dagger            |    36 |    76 ||   112
 Cast: Necrotise         |    69 |    67 ||   136
       Vampiric Draining |       |     1 ||     1
Armor: Robe              |    17 |    27 ||    44
Dodge: Dodged            |    40 |    51 ||    91

Table legend: (Time is in decaauts)
 A = Elapsed time spent in this place.
 B = Non-inter-level travel time spent in this place.
 C = Inter-level travel time spent in this place.
 D = Time resting spent in this place.
 E = Time spent auto-exploring this place.
 F = Levels seen in this place.
 G = Mean time per level.
                   A        B        C        D        E       F      G
               +--------+--------+--------+--------+--------+-----+--------+
         Total |   3330 |   3291 |     39 |     62 |   2552 |   5 |  666.0 |
       Dungeon |   3330 |   3291 |     39 |     62 |   2552 |   5 |  666.0 |
               +--------+--------+--------+--------+--------+-----+--------+

Top non-repeatable levels by time:
     D:2: 1154 daAuts
     D:4: 822 daAuts
     D:1: 723 daAuts
     D:3: 551 daAuts
     D:5: 78 daAuts
